 Dungeon Crawl Stone Soup version 0.17-a0-1713-gdf939a4 (webtiles) character file.

126 Leibowitz the Ducker (level 5, -1/41 HPs)
             Began as a Merfolk Gladiator on Aug 23, 2015.
             Killed from afar by Natasha (5 damage)
             ... with a magic dart
             ... on level 4 of the Dungeon.
             The game lasted 00:09:33 (2825 turns).

Leibowitz the Ducker (Merfolk Gladiator)            Turns: 2825, Time: 00:09:34

Health: -1/41      AC:  4    Str: 15    XL:     5   Next: 9%
Magic:  5/5        EV: 16    Int:  7    God:
Gold:   209        SH:  0    Dex: 19    Spells: 0 memorised, 4 levels left

rFire  + . .     SeeInvis .     a - +0 trident
rCold  . . .     Clarity  .     t - +0 leather armour
rNeg   . . .     SustAt   .     (no shield)
rPois  .         Gourm    .     c - +0 helmet
rElec  .         Spirit   .     (no cloak)
rCorr  .         Warding  .     (no gloves)
rMut   .         Stasis   .     (no boots)
MR     .....                    (no amulet)
Stlth  ++........               q - +3 ring of dexterity
                                j - ring of protection from fire

@: slowed, very slow, not resistant to hostile enchantments, unstealthy
A: change form in water, swift swim
a: no special abilities


You were on level 4 of the Dungeon.
You were hungry.

You visited 1 branch of the dungeon, and saw 4 of its levels.

You collected 209 gold pieces.

Inventory:

Hand weapons
 a - a +0 trident (weapon)
 b - a +3 blowgun
Missiles
 d - 2 throwing nets (quivered)
 o - 4 needles of sleeping
 u - 8 poisoned needles
Armour
 c - a +0 helmet (worn)
 t - a +0 leather armour (worn)
Jewellery
 j - a ring of protection from fire (left hand)
 p - an uncursed ring of protection from magic {unknown}
 q - a +3 ring of dexterity (right hand)
Scrolls
 e - a scroll of remove curse {unknown}
 f - 4 scrolls of amnesia {unknown}
 i - a scroll of enchant armour {unknown}
 k - a scroll of random uselessness {unknown}
 l - a scroll of recharging {unknown}
 m - 3 scrolls of identify {unknown}
 r - 2 scrolls of teleportation {unknown}
 s - a scroll of fear {unknown}
Potions
 v - a potion of ambrosia {unknown}
Comestibles
 g - a beef jerky
 h - 2 bread rations
 n - a royal jelly
 w - 3 chunks of flesh


   Skills:
 * Level 3.0 Fighting
 * Level 5.3 Polearms
 - Level 2.0 Throwing
 + Level 0.4 Armour
 * Level 5.8 Dodging
 + Level 1.3 Stealth


You had 4 spell levels left.
You didn't know any spells.

Dungeon Overview and Level Annotations

Branches:
Dungeon (4/15)
 Temple: D:4-7

Altars:
Trog
Yredelemnul

Annotations:
D:4 Natasha


Message History

The crimson imp blinks!
Natasha zaps a wand.
The puff of frost hits you!
It is a wand of frost.
Natasha zaps a wand.
The puff of frost hits you! Natasha casts a spell at you.
You feel yourself slow down.
The crimson imp lashes its tail.
The crimson imp blinks!
Natasha howls an incantation.
You feel troubled.
Natasha zaps a wand.
The puff of frost hits you!
Natasha growls.
Natasha zaps a wand.
The puff of frost hits you!
* * * LOW HITPOINT WARNING * * *
You hit Natasha but do no damage. Natasha casts a spell at you.
The magic dart hits you!
* * * LOW HITPOINT WARNING * * *
Natasha casts a spell at you. The magic dart hits you!
You die...

.. ... # .. ..# .
.... .. .###.# .#
....##. .<##.##.
...#...##..#...
#............
#..(....$#h#
##........#@#####..
##.........#.5......
.......<............
##..................
.........†......#...
##########..>.....#.
....#....#
..........#
.##...#...##


You could see Natasha and a crimson imp.

Vanquished Creatures
  4 adders (D:2)
  2 worms (D:2)
  A giant gecko (D:2)
  2 orcs (D:3)
  6 giant cockroaches
  5 goblins
  5 hobgoblins
  A ball python (D:3)
  10 bats
  16 giant newts
  7 jackals (D:2)
  12 kobolds
  4 quokkas
  10 rats
85 creatures vanquished.

Notes
Turn   | Place    | Note
--------------------------------------------------------------
     0 | D:1      | Leibowitz the Merfolk Gladiator began the quest for the Orb.
     0 | D:1      | Reached XP level 1. HP: 16/16 MP: 1/1
   261 | D:1      | Reached XP level 2. HP: 23/23 MP: 2/2
   593 | D:1      | Reached XP level 3. HP: 28/28 MP: 3/3
  1132 | D:2      | Reached skill level 5 in Polearms
  1132 | D:2      | Reached skill level 5 in Dodging
  1255 | D:2      | Reached XP level 4. HP: 27/34 MP: 4/4
  1604 | D:2      | Reached skill level 1 in Stealth
  1796 | D:2      | Found a basalt altar of Yredelemnul.
  2008 | D:2      | Found a bloodstained altar of Trog.
  2454 | D:3      | Reached XP level 5. HP: 38/41 MP: 5/5
  2805 | D:4      | Noticed Natasha
  2825 | D:4      | Killed from afar by Natasha

Vault maps used:
D:1:      lightli_arrival_quake, minmay_statues_item
D:2:      nicolae_overflow_hidden_temple, bloody_trog, minmay_lizard_king
D:4:      kennysheep_goblin_castle, corexii_item_surrounded_by_moat,
          uniq_duvessa, uniq_natasha

Action                   |  1- 3 |  4- 6 || total
-------------------------+-------+-------++-------
Melee: Trident           |   131 |   172 ||   303
Throw: Throwing net      |     3 |     1 ||     4
  Use: Potion            |       |     1 ||     1
 Stab: Distracted        |     1 |     1 ||     2
       Sleeping          |     3 |     7 ||    10
       Held in net/web   |       |     1 ||     1
  Eat: Chunk             |     1 |     5 ||     6
